 Dungeon Crawl Stone Soup version 0.30.0-5-g1a98f26d00 (webtiles) character file.

Game seed: 3458653272329820406

2488 retardedninja the Basher (level 9, -2/56 HPs)
             Began as a Gargoyle Fighter on May 8, 2023.
             Was a Believer of Okawaru.
             Slain by a steam dragon (8 damage)
             ... on level 8 of the Dungeon.
             The game lasted 00:11:12 (7810 turns).

retardedninja the Basher (Gargoyle Fighter)         Turns: 7810, Time: 00:11:12

Health: -2/56      AC: 20    Str: 24    XL:     9   Next: 52%
Magic:  9/9        EV:  7    Int:  9    God:    Okawaru [**....]
Gold:   1357       SH:  0    Dex:  9    Spells: 8/8 levels left

rFire   . . .        o - +0 morningstar
rCold   . . .        c - +1 buckler
rNeg    + . .        e - +0 plate armour
rPois   ∞            s - +0 helmet
rElec   +            (no cloak)
rCorr   .            (no gloves)
SInv    .            (no boots)
Will    .....        (no amulet) Stlth
                     r - +4 ring of slaying
HPRegen 0.29/turn    (no ring)
MPRegen 0.11/turn

%: no passive effects
@: confused, ambrosia-drunk, hasted, studying Hexes, very quick
A: sickness immunity, AC +6, negative energy resistance 1, electricity
resistance, torment resistance 1, petrification resistance
a: Renounce Religion, Heroism


You were on level 8 of the Dungeon.
You worshipped Okawaru.
Okawaru was pleased with you.
You visited 2 branches of the dungeon, and saw 9 of its levels.

You collected 1357 gold pieces.

Inventory:

Hand Weapons
 o - a +0 morningstar (weapon)
Armour
 c - a +1 buckler (worn)
 e - a +0 plate armour (worn)
 s - a +0 helmet (worn)
Jewellery
 f - an amulet of the acrobat
 r - a +4 ring of slaying (left hand)
 v - a ring of see invisible
Wands
 l - a wand of flame (14)
 u - a wand of polymorph (11)
Scrolls
 g - 2 scrolls of teleportation
 h - a scroll of butterflies
 j - 3 scrolls of blinking {unknown}
 n - a scroll of amnesia
 q - a scroll of brand weapon {unknown}
 t - 2 scrolls of fear
Potions
 b - 2 potions of lignification
 d - a potion of berserk rage
 k - a potion of degeneration
 m - a potion of attraction
 p - a potion of curing


   Skills:
 + Level 6.6 Fighting
 + Level 9.3 Maces & Flails
 + Level 6.3 Armour
 + Level 1.8 Dodging
 + Level 0.2 Stealth
 + Level 5.5 Shields


You had 8 spell levels left.
You didn't know any spells.
Your spell library contained the following spells:

 Spells                   Type           Power      Damage    Failure   Level
 Ozocubu's Armour         Ice            0%         N/A       100%        3
 Petrify                  Tmut/Erth      0%         N/A       100%        4
 Irradiate                Conj/Tmut      0%         3d11      100%        5
 Ozocubu's Refrigeration  Ice            0%         4d7       100%        7
 Sublimation of Blood     Necr           Unusable   N/A       N/A         2

Dungeon Overview and Level Annotations

Branches:
Dungeon (8/15)             Temple (1/1) D:5
   Lair: D:8-11

Altars:
Ashenzari
Cheibriados
Elyvilon
Fedhas
Gozag
Hepliaklqana
Makhleb
Nemelex Xobeh
Okawaru
Qazlal
Ru
Sif Muna
Trog
Uskayaw
Vehumet
Wu Jian
Yredelemnul
Zin
The Shining One

Shops:
D:7 !


Innate Abilities, Weirdness & Mutations

You are immune to sickness and miasma.
Your stone body is resilient. (AC +6)
You are immune to poison.
You resist negative energy. (rN+)
You are resistant to electric shocks. (rElec)
You are resistant to unholy torment.
You are immune to petrification.


Message History

You closely miss the steam dragon.
The steam dragon is moderately wounded.
You hit the steam dragon.
The steam dragon is heavily wounded.
You block the steam dragon's attack.
The steam dragon claws you but does no damage.
You feel better. The steam dragon breathes steam at you.
The ball of steam hits you but does no damage.
You closely miss the steam dragon.
The steam dragon is heavily wounded.
You are engulfed in a cloud of scalding steam.
* * * LOW HITPOINT WARNING * * *
You thump the steam dragon!
The steam dragon is almost dead.
You are engulfed in a cloud of scalding steam.
The steam dragon barely misses you. x2
You hit the steam dragon but do no damage.
The steam dragon is almost dead.
The steam dragon bites you.
* * * LOW HITPOINT WARNING * * *
The steam dragon claws you.
* * * LOW HITPOINT WARNING * * *
You are confused.
You feel invigorated.
You bump into the rock wall.
The steam dragon bites you but does no damage.
The steam dragon claws you but does no damage.
You hit the steam dragon.
The steam dragon is almost dead.
The steam dragon breathes steam at you. The ball of steam hits you!
* * * LOW HITPOINT WARNING * * *
You're too confused to move!
You are engulfed in a cloud of scalding steam.
You bump into the rock wall.
You are engulfed in a cloud of scalding steam.
The bullfrog is engulfed in a cloud of scalding steam.
The steam dragon bites you!
You die...

# #.# ##.....## #.
#####.# ####+####
. ..#.# #.# ..#
#.#.# #.# ...
###.#.####.### #.#
.............###.#
###.#.)#.#.#..##F#
###.##)........#D#
....##.#.#.#...§@#
###.##........####
#.##.#.#.#..#
#.##...(...##
#.....######
#######


You could see a steam dragon (catching breath) and a bullfrog.

Vanquished Creatures
  A wyvern (D:8)
  A steam dragon (D:7)
  A water moccasin (D:7)
  2 black bears
  An orc warrior (D:6)
  A sky beast (D:7)
  An ogre (D:5)
  A phantom (D:4)
  4 bullfrogs
  6 scorpions
  5 wights
  2 howler monkeys (D:7)
  3 hounds
  2 jellies
  A gnoll bouda (D:8)
  2 orc priests
  A sleepcap (D:6)
  Terence (D:2)
  An iguana (D:6)
  3 orc wizards
  4 gnolls
  6 adders
  A shadow imp (D:6)
  2 worms
  2 dart slugs
  34 orcs
  7 ball pythons
  4 bats
  9 endoplasms
  4 giant cockroaches
  6 goblins
  10 hobgoblins
  2 jackals (D:4)
  9 kobolds
  6 quokkas
  2 frilled lizards
  8 rats
156 creatures vanquished.

Notes
Turn   | Place    | Note
-------+----------+-------------------------------------------
     0 | D:1      | retardedninja the Gargoyle Fighter began the quest for the
                  | Orb.
     0 | D:1      | Reached XP level 1. HP: 14/14 MP: 1/1
   127 | D:1      | Reached XP level 2. HP: 19/19 MP: 2/2
   386 | D:1      | Reached XP level 3. HP: 24/24 MP: 3/3
  1011 | D:2      | Reached XP level 4. HP: 29/29 MP: 4/4
  1312 | D:2      | Reached skill level 1 in Dodging
  1349 | D:2      | Noticed Terence
  1369 | D:2      | Killed Terence
  1370 | D:2      | Reached skill level 3 in Maces & Flails
  1720 | D:3      | Found a blossoming altar of Fedhas.
  2150 | D:3      | Reached XP level 5. HP: 17/33 MP: 5/5
  2217 | D:3      | Found a faded altar of an unknown god.
  2598 | D:4      | Identified the +5 leather armour of the Grue {rPois rF+}
  2744 | D:4      | Found a glowing golden altar of the Shining One.
  2930 | D:4      | Noticed a phantom
  2942 | D:4      | Reached skill level 4 in Maces & Flails
  2942 | D:4      | Reached XP level 6. HP: 27/38 MP: 6/6
  2998 | D:4      | Reached skill level 5 in Maces & Flails
  3237 | D:5      | Entered Level 5 of the Dungeon
  3262 | D:5      | Noticed a black bear
  3269 | D:5      | Killed a black bear
  3270 | D:5      | Reached XP level 7. HP: 39/44 MP: 7/7
  3547 | D:5      | Found a hide-covered altar of Uskayaw.
  3667 | D:5      | HP: 1/44 [ogre/+0 giant club (9)]
  3699 | D:5      | Reached skill level 6 in Maces & Flails
  4113 | D:5      | Found a staircase to the Ecumenical Temple.
  4231 | Temple   | Entered the Ecumenical Temple
  4550 | Temple   | Became a worshipper of Warmaster Okawaru
  4795 | D:6      | Reached skill level 5 in Fighting
  4795 | D:6      | Reached XP level 8. HP: 31/49 MP: 8/8
  4804 | D:6      | Reached skill level 5 in Armour
  5163 | D:5      | Reached skill level 7 in Maces & Flails
  5926 | D:5      | Identified a scroll of acquirement
  5928 | D:5      | Acquired 991 gold pieces
  6127 | D:6      | Reached * piety under Okawaru
  6446 | D:7      | Found an ornate altar of the Wu Jian Council.
  6506 | D:6      | Reached skill level 8 in Maces & Flails
  6761 | D:7      | Reached skill level 5 in Shields
  6764 | D:7      | Reached XP level 9. HP: 52/55 MP: 9/9
  6963 | D:7      | Reached ** piety under Okawaru
  7029 | D:7      | Found Racs's Distillery.
  7063 | D:7      | Reached skill level 9 in Maces & Flails
  7412 | D:8      | Found a radiant altar of Vehumet.
  7808 | D:8      | HP: 1/56 [steam dragon/ball of steam (11)]
  7810 | D:8      | Slain by a steam dragon

Illustrated notes

Levels and vault maps discovered:
D:1:      nicolae_arrival_somewhat_less_tricky_arrival, layout_basic
D:2:      layout_loops_corners, uniq_terence
D:3:      layout_basic, general_overflow_altar,
          shapermc_ecumenical_altar_ellora, minmay_misc_feat_alley,
          kennysheep_potato
D:4:      minmay_angry_zag, layout_gridville,
          mainiacjoe_overflow_six_doors_small, minmay_stone_trees_small
D:5:      nicolae_cairo_tiling_large_dashed, layout_gridville,
          eat_drink_and_be_merry_uskayaw, minmay_temple_entry_nine_rooms
D:6:      layout_basic, nrook_uturn, minmay_diced_spiral
D:7:      layout_cave_pools, nicolae_wu_jian_wuxing_cycle, serial_shops, shop
D:8:      layout_loops_ring, nicolae_vehumet_altar_sigil,
          mainiacjoe_overflow_boulevard, serial_glass, glass_columns_b,
          glass_columns_a, skrybe_limestone_x, kennysheep_cluttered_room,
          dreamdust_mushroom_princess, minmay_manual_mullet
Temple:   dpeg_chambers_temple

Skill      XL: |  1  2  3  4  5  6  7  8  9 |
---------------+----------------------------+-----
Dodging        | 1 |  1.8
Maces & Flails | 3 4 5 6 8 9 |  9.3
Fighting       | 4 5 6 |  6.6
Armour         | 4 5 6 |  6.3
Shields        | 4 5 |  5.5
Stealth        | |  0.2

Action                     |  1- 3 |  4- 6 |  7- 9 || total
---------------------------+-------+-------+-------++-------
  Melee: Flail             |   104 |    52 |       ||   156
         Morningstar       |       |   102 |   246 ||   348
    Use: Potion            |       |     2 |     8 ||    10
         Scroll            |       |       |    15 ||    15
 Armour: Scale mail        |    51 |       |       ||    51
         Chain mail        |    16 |   119 |   101 ||   236
         Plate armour      |       |       |   118 ||   118
  Dodge: Dodged            |    60 |    65 |   123 ||   248
  Block: Buckler           |    23 |    40 |    85 ||   148
